 Dungeon Crawl Stone Soup version 0.24.1-1-gd1d2a07e1b (webtiles) character file.

Game seed: 17805667665365741944, levelgen mode: deterministic

464 Gehennae the Ducker (level 6, 0/62 HPs)
             Began as a Troll Berserker on Apr 9, 2020.
             Was a Priest of Trog.
             Slain by an orc wizard
             ... wielding a cursed -2 dagger
              (1 damage)
             ... while paralysed
             ... on level 5 of the Dungeon.
             The game lasted 00:25:43 (2712 turns).

Gehennae the Ducker (Troll Berserker)               Turns: 2712, Time: 00:25:43

Health: 0/62       AC:  7    Str: 28    XL:     6   Next: 80%
Magic:  5/5        EV:  1    Int:  3    God:    Trog [***...]
Gold:   180        SH:  0    Dex:  9    Spells: 5/5 levels left

rFire    . . .     SeeInvis .   J - +0 falchion
rCold    + . .     Gourm    +   (no shield)
rNeg     . . .     Faith    .   r - +0 robe
rPois    .         Spirit   .   (helmet restricted)
rElec    .         Reflect  .   F - +0 cloak
rCorr    .         Harm     .   (gloves unavailable)
MR       .....                  (boots unavailable)
Stlth    +.........             (no amulet)
HPRegen  0.60/turn              H - ring of protection from cold
MPRegen  0.09/turn              (no ring)

@: paralysed, lethally poisoned (0 -> -1), fainting
A: large, unfitting armour, claws 3, fast metabolism 3, gourmand, regeneration
1, shaggy fur 1, tough skin 3
a: Berserk, Trog's Hand, Renounce Religion


You were on level 5 of the Dungeon.
You worshipped Trog.
Trog was most pleased with you.
You were fainting.

You visited 1 branch of the dungeon, and saw 5 of its levels.

You collected 180 gold pieces.

Inventory:

Hand Weapons
 a - a +0 falchion
 c - a +0 dagger of electrocution
 d - a +0 short sword
 e - a +0 club
 f - a +0 whip
 g - a +0 mace
 h - a +0 dagger
 j - a +0 dagger
 l - a +0 dagger
 p - a +0 whip
 q - a +0 club
 v - a +0 club
 J - a +0 falchion (weapon)
Missiles
 i - 31 arrows
 z - 4 javelins (quivered)
Armour
 b - a +0 animal skin
 k - a +0 buckler
 n - a +0 robe
 r - a +0 robe (worn)
 s - a +0 scale mail
 w - a +0 pair of boots
 D - a +0 leather armour
 E - a +0 scale mail
 F - a +0 cloak (worn)
 K - a +0 ring mail
Jewellery
 H - a ring of protection from cold (left claw)
Scrolls
 m - a scroll of blinking {unknown}
 o - 2 scrolls of teleportation {unknown}
 x - a scroll of enchant weapon {unknown}
 y - a scroll of fog {unknown}
 A - 3 scrolls of magic mapping {unknown}
 B - 2 scrolls of remove curse
 C - a scroll of noise {unknown}
 G - 2 scrolls of fear
Potions
 u - a potion of cancellation {unknown}


   Skills:
 + Level 3.7 Fighting
 + Level 4.2 Long Blades
   Level 0.8 Axes
 + Level 4.2 Dodging
 + Level 0.5 Stealth


You had 5 spell levels left.
You didn't know any spells.
Your spell library was empty.

Dungeon Overview and Level Annotations

Branches:
Dungeon (5/15)
 Temple: D:4-7

Altars:
Ashenzari
Elyvilon


Innate Abilities, Weirdness & Mutations

You are too large for most types of armour.
You have claws for hands.
Your metabolism is lightning-fast.
You like to eat raw meat.
Your natural rate of healing is unusually fast.
You are covered in fur. (AC +1)
You have extremely tough skin. (AC +3)


Message History

Something hits you but does no damage. The adder bites you.
* * * LOW HITPOINT WARNING * * *
Something hits you but does no damage. The orc hits you but does no damage.
The adder bites you.
* * * LOW HITPOINT WARNING * * *
You are poisoned.
The adder poisons you! Something completely misses you. The adder bites you.
* * * LOW HITPOINT WARNING * * *
You are more poisoned.
The adder poisons you!
You hear some strange, mumbled words.
A puff of flame appears from out of thin air!
The puff of flame hits you!
* * * LOW HITPOINT WARNING * * *
The orc hits you with a +0 war axe.
* * * LOW HITPOINT WARNING * * *
* * * LOW HITPOINT WARNING * * *
You feel sick. Something hits you.
You die...

#...# #....#....# ##
#...# #........# #...
#...##.%.$....##....
#...........#.....
##...............#
##............#
#...........##
####..###.....## ##
####...{@# ##...####...
......ooS## #oo.!......
.......ooZ# #..........
.######..o####........#
#.# ##...###...)...##
#.# #......o......# #.#
#............... #.#
##......###...... #.##
###......## ......


You could see an adder, 5 orcs and a worker ant zombie.

Vanquished Creatures
  An ogre (D:4)
  3 orc priests
  2 orc wizards (D:4)
  Jessica (D:2)
  Natasha (D:2)
  A worker ant (D:4)
  3 gnolls (D:3)
  6 adders
  A worm (D:2)
  12 orcs
  A giant cockroach (D:1)
  6 goblins
  5 hobgoblins
  6 jackals (D:1)
  10 kobolds
  A quokka (D:2)
  A ball python (D:2)
  9 bats
  3 frilled lizards
  8 rats
81 creatures vanquished.

Notes
Turn   | Place    | Note
-------+----------+-------------------------------------------
     0 | D:1      | Gehennae the Troll Berserker began the quest for the Orb.
     0 | D:1      | Reached XP level 1. HP: 22/22 MP: 0/0
   148 | D:1      | Reached XP level 2. HP: 29/29 MP: 1/1
   186 | D:1      | Found a shattered altar of Ashenzari.
   388 | D:1      | Reached ** piety under Trog
   605 | D:1      | Reached XP level 3. HP: 34/36 MP: 2/2
   911 | D:2      | Noticed Jessica
   925 | D:2      | Killed Jessica
  1097 | D:2      | Reached XP level 4. HP: 44/44 MP: 3/3
  1292 | D:2      | Noticed Natasha
  1324 | D:2      | Killed Natasha
  1495 | D:2      | Reached XP level 5. HP: 53/53 MP: 4/4
  2014 | D:2      | Reached *** piety under Trog
  2515 | D:4      | Reached XP level 6. HP: 38/61 MP: 5/5
  2532 | D:4      | Found a white marble altar of Elyvilon.
  2592 | D:4      | HP: 2/62 [orc wizard/magic dart (4)]
  2660 | D:5      | Entered Level 5 of the Dungeon
  2704 | D:5      | Paralysed by fainting for 9 turns
  2711 | D:5      | HP: 1/62 [orc/+0 war axe (4)]
  2712 | D:5      | Slain by an orc wizard

Levels and vault maps discovered:
D:1:      kennysheep_arrival_forest, layout_basic, evilmike_ruin_ashenzari
D:2:      layout_basic, uniq_natasha, uniq_jessica
D:3:      layout_basic, first_ration, kennysheep_generic_room_8, uniq_ijyb
D:4:      layout_cave_pools, grunt_temple_overflow_magic_moments,
          elyvilon_altar_5
D:5:      layout_layer_cave

Skill      XL: |  1  2  3  4  5  6 |
---------------+-------------------+-----
Long Blades    | 3 4 |  4.2
Dodging        | 3 4 |  4.2
Fighting       | 3 |  3.7
Axes           | |  0.8
Stealth        | |  0.5

Action                   |  1- 3 |  4- 6 || total
-------------------------+-------+-------++-------
Melee: Falchion          |   128 |    99 ||   227
       War axe           |       |    74 ||    74
       Dagger            |       |    23 ||    23
  Use: Scroll            |     2 |     2 ||     4
       Potion            |       |     4 ||     4
 Stab: Sleeping          |     1 |       ||     1
       Invisible         |       |     1 ||     1
  Eat: Ration            |     1 |     3 ||     4
       Chunk             |     6 |     1 ||     7
Armor: Animal skin       |    42 |       ||    42
       Robe              |    14 |   120 ||   134
Dodge: Dodged            |    88 |   168 ||   256
       Rpst.: Falchion   |    25 |    24 ||    49
